 Dungeon Crawl Stone Soup version 0.29.1-2-gbd0b4ee654 (webtiles) character file.

Game seed: 6539028250160670911

103237 Lutefisk the Stormcaller (level 16, -48/90 HPs)
             Began as a Tengu Air Elementalist on Nov 7, 2022.
             Was a High Priest of Hepliaklqana.
             Killed from afar by Nikola (64 damage)
             ... with an arc of chain lightning
             ... on level 2 of the Snake Pit.
             The game lasted 01:51:17 (17442 turns).

Lutefisk the Stormcaller (Tengu Air Elementalist)  Turns: 17442, Time: 01:51:20

Health: -48/90     AC:  8    Str: 11    XL:     16   Next: 35%
Magic:  29/44      EV: 24    Int: 26    God:    Hepliaklqana [*****.]
Gold:   2535       SH: 12    Dex: 16    Spells: 23/43 levels left

rFire   + . .      SeeInvis .   y - +12 flail of Due Proportion {spect, rElec Int+2}
rCold   . . .      Faith    +   i - +0 kite shield
rNeg    . . .      Spirit   .   O - +0 troll leather armour
rPois   +          Reflect  .   (helmet restricted)
rElec   +          Harm     .   C - +0 cloak
rCorr   .          Rampage  .   o - +0 pair of gloves
Will    +....                   (boots unavailable)
Stlth   +++.......              u - amulet "Xuecues" {Faith rElec rPois rF+ Int+4}
HPRegen 1.05/turn               e - ring of magical power
MPRegen 0.29/turn               c - +4 ring of evasion

@: about to teleport, flying quickly and evasively, quick
A: reduced essence, beak, talons 3, nimble flight
a: Renounce Religion, Recall Ancestor, Ancestor Identity, Transference, Idealise


You were on level 2 of the Snake Pit.
You worshipped Hepliaklqana.
Hepliaklqana was extremely pleased with you.
You visited 5 branches of the dungeon, and saw 25 of its levels.
You also visited: Ossuary and Volcano.

You collected 3075 gold pieces.
You spent 540 gold pieces at shops.

Inventory:

Hand Weapons
 s - a +2 demon blade of flaming
 y - the +12 flail of Due Proportion (weapon) {spect, rElec Int+2}
   (You found it on level 5 of the Dungeon)

   When its wielder attacks, the weapon's spirit leaps out and strikes again.
   The spirit shares a part of any damage it takes with its wielder.
   Int:       It affects your intelligence (+2).
   rElec:     It insulates you from electricity.
 Z - a +2 quick blade of flaming
Missiles
 r - 4 throwing nets
 F - 13 curare-tipped darts (quivered)
 H - 3 boomerangs of dispersal
Armour
 d - a +3 leather armour of fire resistance
 i - a +0 kite shield (worn)
 o - a +0 pair of gloves (worn)
 C - a +0 cloak (worn)
 O - a +0 troll leather armour (worn)
 W - +0 ice dragon scales
Jewellery
 c - a +4 ring of evasion (right hand)
 e - a ring of magical power (left hand)
 u - the amulet "Xuecues" (around neck) {Faith rElec rPois rF+ Int+4}
   (You acquired it on level 10 of the Dungeon)

   [amulet of faith]

   It allows you to gain divine favour quickly.
   Int:       It affects your intelligence (+4).
   rF:        It protects you from fire.
   rElec:     It insulates you from electricity.
   rPois:     It protects you from poison.
 G - a +6 ring of intelligence
 L - an amulet of the acrobat
Wands
 D - a wand of digging (15)
 J - a wand of flame (23)
 M - a wand of quicksilver (2)
 Q - a wand of paralysis (36)
Scrolls
 a - 3 scrolls of vulnerability {unknown}
 f - 3 scrolls of magic mapping
 q - a scroll of summoning
 t - 2 scrolls of acquirement
 v - 6 scrolls of butterflies
 z - 3 scrolls of fear
 A - 5 scrolls of poison
 E - 2 scrolls of enchant armour {unknown}
 I - 5 scrolls of teleportation
 K - 3 scrolls of noise {unknown}
 N - 3 scrolls of immolation
 P - 2 scrolls of amnesia {unknown}
 R - 2 scrolls of torment {unknown}
 S - 2 scrolls of enchant weapon {unknown}
 T - 3 scrolls of brand weapon {unknown}
 U - a scroll of silence {unknown}
Potions
 b - 4 potions of magic
 g - 10 potions of attraction
 h - 9 potions of mutation
 j - 13 potions of curing
 k - 8 potions of haste
 l - 4 potions of berserk rage {unknown}
 n - 2 potions of invisibility
 p - 14 potions of heal wounds
 w - 4 potions of might {unknown}
 x - a potion of brilliance
 B - 5 potions of flight {unknown}
 V - a potion of cancellation {unknown}
 Y - a potion of resistance
Miscellaneous
 X - a phial of floods


   Skills:
 - Level 12.0 Fighting
 - Level 10.0 Armour
 * Level 11.9 Dodging
 - Level 5.0 Stealth
 - Level 10.0 Shields
 - Level 14.0 Spellcasting
 - Level 3.0 Conjurations
 - Level 15.0 Air Magic
 - Level 5.0 Invocations
 - Level 5.0 Evocations


You had 23 spell levels left.
You knew the following spells:

 Your Spells              Type           Power      Damage    Failure   Level
a - Shock                 Conj/Air       100%       1d9       1%          1
b - Static Discharge      Conj/Air       60%        3-11/arc  1%          2
c - Passwall              Tmut/Erth      15%        N/A       13%         2
d - Airstrike             Air            38%        2d(6-22)  1%          4
e - Swiftness             Air            77%        N/A       1%          3
f - Mephitic Cloud        Conj/Pois/Air  49%        N/A       2%          3
g - Lightning Bolt        Conj/Air       30%        1d47      6%          5

Your spell library contained the following spells:

 Spells                   Type           Power      Damage    Failure   Level
 Magic Dart               Conj           100%       1d8       2%          1
 Beastly Appendage        Tmut           36%        N/A       9%          1
 Sandblast                Erth           36%        2d10      9%          1
 Call Imp                 Summ           18%        N/A       13%         2
 Wereblood                Tmut           18%        N/A       13%         2
 Conjure Flame            Conj/Fire      26%        6-21      14%         3
 Stone Arrow              Conj/Erth      52%        3d10      14%         3
 Frozen Ramparts          Ice            36%        1d6       26%         3
 Ignite Poison            Fire/Tmut/Pois 18%        N/A       26%         3
 Ozocubu's Armour         Ice            18%        N/A       26%         3
 Spider Form              Tmut/Pois      18%        N/A       26%         3
 Sticky Flame             Conj/Fire      26%        2d5       41%         4
 Ice Form                 Ice/Tmut       18%        N/A       63%         4
 Summon Ice Beast         Ice/Summ       18%        N/A       63%         4
 Maxwell's Capacitive Co  Air            38%        ∞         75%         8
 Summon Mana Viper        Hex/Summ       18%        N/A       93%         5
 Monstrous Menagerie      Summ           9%         N/A       100%        7
 Ozocubu's Refrigeration  Ice            9%         4d9       100%        7


Dungeon Overview and Level Annotations

Branches:
Dungeon (15/15)            Temple (1/1) D:5            Lair (5/5) D:9
 Shoals (0/4) Lair:2        Snake (2/4) Lair:2        Slime (0/5) Lair:5
    Orc (2/2) D:11            Elf (0/3) Orc:2        Vaults (0/5) D:13
 Depths (0/4) D:15        Ossuary (visited)         Volcano (visited)

Altars:
Ashenzari
Cheibriados
Dithmenos
Elyvilon
Fedhas
Gozag
Hepliaklqana
Makhleb
Nemelex Xobeh
Okawaru
Qazlal
Ru
Sif Muna
Trog
Uskayaw
Vehumet
Wu Jian
Xom
Yredelemnul
Zin
The Shining One

Shops:
D:12 :   D:15 =((   Orc:2 *!   Snake:1 *

Portals:
Trove: D:10 (give 7 scrolls of butterflies)

Annotations:
D:10 1 runed translucent door, miserystealer's ghost, journeyman DrWr
D:15 Agnes; Louise
Snake:2 Nikola
Orc:2 3 runed translucent doors, miserystealer's ghost, journeyman MiBe


Innate Abilities, Weirdness & Mutations

Your life essence is reduced to manifest your ancestor. (-10% HP)
You have a beak for a mouth.
You have claws for feet.
Your magical nature lets you fly swiftly and evasively.


Message History

Press: ? - help, Shift-Dir - straight line, f/p - Nikola
Aim: Nikola, wielding a +0 rapier of electrocution, wearing a +0 cloak and wearing a +0 pair of gloves (moderately wounded, very poisoned, slow, chance to affect: 15%)
The ball explodes into a vile cloud!
The stinking cloud engulfs Nikola but does no damage.
Nikola is moderately wounded.
You sock the naga! You claw the naga, but do no damage.
The naga is almost dead.
Your +12 flail of Due Proportion {spect, rElec Int+2} hits the naga!!
You kill the naga!
Nikola is engulfed in noxious fumes.
Nikola mumbles some strange words.
Lightning arcs from Nikola's hands!
The bolt of lightning hits you!!! You resist.
A bolt of lightning appears from out of thin air!
The bolt of lightning hits Nikola!
Unknown command.
Nikola is engulfed in noxious fumes.
Nikola says, "There's a spark of magic in your eyes."
You fly upwards.
There is a stone staircase leading down here.
You start resting.
HP restored.
You fly downwards.
Level annotation: Nikola Nikola casts a spell.
Lightning arcs from Nikola's hands!
The bolt of lightning hits you!!!! You resist.
Ouch! That really hurt!
* * * LOW HITPOINT WARNING * * *
A bolt of lightning appears from out of thin air!
The bolt of lightning hits Nikola.
You hear an angry hiss.
There is a stone staircase leading up here.
As you read the scroll of teleportation, it crumbles to dust.
You feel strangely unstable.
Nikola mumbles some strange words.
Lightning arcs from Nikola's hands!
The bolt of lightning hits you!!! You resist.
Ouch! That really hurt!
You die...

.#........# #..........
.#........# ..........
.#........# ##........####
..........# #..........#.
#......)†.#####.....).:....
#........†.......<.......:.
###.#......####..........N
##. #..#.#....# #.......>..##
#... #.##...##†##
##@.........##..#
#.#..####..#####@.....).....#
#..... ##.##<.)(#.###....###
#...### #....##.(.##....##
...#### ########..##...!..#
.....##.#..........#.#.#..#
...#
#.(........)...#.##.)...#
...# ..#.......R...###.#
#....# #.## .#.....§.....#
#.# ##....


You could see Nikola.

Vanquished Creatures
  Donald (Orc:2)
  A very ugly thing (D:15)
  Azrael (D:15)
  An ogre mage (D:15)
  9 hydras
  2 boulder beetles
  4 catoblepae
  Erica (D:10)
  10 two-headed ogres
  An anaconda (Snake:1)
  7 centaur warriors
  A naga warrior (Snake:2)
  A hell hog (Volcano)
  A naga sharpshooter (Snake:1)
  2 shock serpents (Snake:1)
  A soul eater (Orc:2)
  Sonja (D:10)
  A fire crab (Lair:3)
  A flayed ghost (D:15)
  A naga ritualist (Snake:2)
  A lindwurm (Lair:5)
  3 orc knights (Orc:2)
  A deep elf pyromancer (D:13)
  A wolf spider (D:15)
  A mana viper (Snake:1)
  2 manticores
  7 cyclopes
  A salamander (Volcano)
  3 ugly things (D:14)
  2 orc sorcerers (Orc:2)
  8 black mambas
  7 elephants
  Maurice (D:13)
  4 naga magi
  2 molten gargoyles (Lair:5)
  6 cane toads
  9 komodo dragons
  5 rime drakes
  2 centaur skeletons (D:13)
  A kobold demonologist (D:13)
  An efreet (D:14)
  A yaktaur (D:13)
  2 polar bears
  6 meliai
  6 trolls
  7 slime creatures
  5 blink frogs
  Prince Ribbit (D:8)
  A shadow (D:12)
  A vampire (D:13)
  30 yaks
  2 fire bats (Volcano)
  5 wyverns
  A human (shapeshifter) (D:15)
  3 fire elementals (D:15)
  4 basilisks
  A chaos spawn (Orc:2)
  2 steam dragons
  7 vampire mosquitoes
  Menkaure (D:4)
  3 wargs (D:11)
  A warg (shapeshifter) (D:15)
  An acid dragon (D:12)
  5 nagas
  7 water moccasins
  5 hell hounds
  A meliai simulacrum (D:15)
  17 orc warriors
  A sky beast (D:6)
  A black bear (D:5)
  3 ogres
  An ice beast (D:5)
  17 wolves
  A phantom (D:5)
  3 kobold brigands
  3 elf zombies (Ossuary)
  5 bullfrogs
  Blork the orc (D:6)
  A gnoll sergeant (D:12)
  5 scorpions
  3 wights (D:10)
  13 killer bees
  2 howler monkeys
  2 lava snakes (Lair:5)
  A jelly (D:7)
  4 hounds
  19 orc priests
  A human zombie (Ossuary)
  4 iguanas
  8 orc wizards
  6 hell rats (Lair:1)
  4 hound zombies (Ossuary)
  3 mummies (Ossuary)
  4 gnolls
  9 adders
  2 ufetubi
  4 adder zombies (Ossuary)
  A worm (D:2)
  A dart slug (D:2)
  34 orcs
  2 ball pythons (D:2)
  6 endoplasms
  3 giant cockroaches
  2 gnoll zombies (Ossuary)
  5 goblins
  3 hobgoblins
  2 quokkas
  10 bats
  A frilled lizard (D:2)
  2 goblin zombies (Ossuary)
  6 hobgoblin zombies (Ossuary)
  A jackal zombie (Ossuary)
  27 kobolds
  2 kobold zombies (Ossuary)
  2 orc zombies (Ossuary)
  5 quokka zombies (Ossuary)
  4 rats (D:1)
  2 rat zombies (Ossuary)
494 creatures vanquished.

Vanquished Creatures (collateral kills)
  Snorg (D:10)
  2 fire dragons
  4 boulder beetles
  3 hydras
  2 ice dragons (D:15)
  2 ogre magi
  A two-headed ogre (D:15)
  A naga sharpshooter (Snake:2)
  2 shock serpents
  A skeletal warrior (D:13)
  A sixfirhy (Orc:2)
  A naga ritualist (Snake:1)
  2 deep elf pyromancers (D:15)
  An ugly thing (D:14)
  2 salamanders
  2 elephants (Lair:2)
  A molten gargoyle (Lair:5)
  4 black mambas
  A gargoyle (D:13)
  A naga mage (Snake:1)
  3 cane toads
  3 yaktaurs (D:13)
  2 centaur skeletons (D:13)
  A freezing wraith (D:15)
  A rime drake (Lair:3)
  4 komodo dragons
  4 polar bears
  2 trolls
  3 blink frogs
  2 slime creatures
  A centaur simulacrum (D:15)
  A wraith (D:10)
  8 yaks
  A shadow (D:10)
  A fire elemental (D:15)
  A basilisk (D:9)
  A steam dragon (Lair:5)
  A warg (Orc:1)
  4 nagas (Snake:1)
  5 water moccasins
  3 hell hounds
  7 orc warriors
  A black bear (D:9)
  5 ogres
  A wolf (Lair:4)
  3 centaurs
  3 kobold brigands
  4 bullfrogs
  6 killer bees
  A howler monkey (D:10)
  3 lava snakes (Lair:5)
  3 orc priests (Orc:2)
  3 gnolls (D:12)
  11 orcs
  A kobold (D:8)
  A bush (Lair:3)
  A butterfly (Lair:4)
141 creatures vanquished.

Vanquished Creatures (others)
  An orc knight (D:15)
  A salamander (Snake:2)
  A wyvern (Lair:5)
  21 battlemagi
  An orc wizard (D:13)
  25 fungi
  30 plants
80 creatures vanquished.

Grand Total: 715 creatures vanquished

Notes
Turn   | Place    | Note
-------+----------+-------------------------------------------
     0 | D:1      | Lutefisk the Tengu Air Elementalist began the quest for the
                  | Orb.
     0 | D:1      | Reached XP level 1. HP: 10/10 MP: 4/4
    63 | D:1      | Found a faded altar of an unknown god.
    95 | D:1      | Reached skill level 1 in Fighting
   149 | D:1      | Reached XP level 2. HP: 16/16 MP: 6/6
   318 | D:2      | Learned a level 2 spell: Static Discharge
   323 | D:2      | Learned a level 2 spell: Passwall
   400 | D:2      | Reached XP level 3. HP: 22/22 MP: 7/7
   421 | D:2      | Found a snail-covered altar of Cheibriados.
  1063 | D:3      | You fall into a shaft and drop 3 floors!
  1082 | D:6      | Reached skill level 1 in Armour
  1082 | D:6      | Reached XP level 4. HP: 28/28 MP: 8/8
  1141 | D:6      | Reached skill level 5 in Air Magic
  1141 | D:6      | Gained mutation: Your magical nature lets you fly swiftly
                  | and evasively. [Tengu growth]
  1141 | D:6      | Reached XP level 5. HP: 3/32 MP: 9/9
  1457 | D:6      | Noticed a water moccasin
  1766 | D:6      | Reached XP level 6. HP: 30/37 MP: 10/10
  1805 | D:5      | Entered Level 5 of the Dungeon
  1818 | D:5      | Found a staircase to the Ecumenical Temple.
  1833 | Temple   | Entered the Ecumenical Temple
  2216 | D:5      | Reached skill level 6 in Air Magic
  2252 | D:5      | Noticed a black bear
  2312 | D:5      | Found a sand-covered staircase.
  2316 | Ossuary  | Entered an ossuary
  2349 | Ossuary  | Reached XP level 7. HP: 43/43 MP: 10/11
  2566 | Ossuary  | Reached skill level 5 in Fighting
  3042 | D:5      | Reached XP level 8. HP: 49/49 MP: 15/15
  3051 | D:5      | Identified the +12 flail of Due Proportion {spect, rElec
                  | Int+2}
  3312 | D:5      | Learned a level 4 spell: Airstrike
  3316 | D:5      | Learned a level 3 spell: Swiftness
  3327 | D:5      | Noticed a yak
  3767 | D:4      | Reached skill level 7 in Air Magic
  3893 | D:4      | Found a sacrificial altar of Ru.
  4057 | D:4      | Noticed Menkaure
  4063 | D:4      | Killed Menkaure
  4064 | D:4      | Reached skill level 8 in Air Magic
  4279 | D:5      | Killed a yak
  4280 | D:5      | Reached skill level 5 in Spellcasting
  4319 | D:5      | Reached XP level 9. HP: 44/55 MP: 15/17
  4333 | D:5      | Reached skill level 5 in Dodging
  4362 | D:5      | Found a faded altar of an unknown god.
  4362 | D:5      | Found a faded altar of an unknown god.
  4363 | D:5      | Found a hazy altar of Hepliaklqana.
  4373 | D:5      | Became a worshipper of Hepliaklqana the Forgotten
  4442 | D:6      | Noticed Blork the orc
  4445 | D:6      | Killed Blork the orc
  5108 | D:7      | Found a broken altar of Ashenzari.
  5512 | D:7      | Reached * piety under Hepliaklqana
  5628 | D:7      | Found a basalt altar of Yredelemnul.
  6003 | D:8      | Noticed Prince Ribbit
  6021 | D:8      | Killed Prince Ribbit
  6022 | D:8      | Reached skill level 1 in Evocations
  6108 | D:8      | Reached skill level 1 in Invocations
  6300 | D:9      | Noticed an eight-headed hydra
  6305 | D:9      | Killed an eight-headed hydra
  6306 | D:9      | Reached XP level 10. HP: 57/57 MP: 9/21
  6321 | D:9      | Learned a level 3 spell: Mephitic Cloud
  6407 | D:9      | Reached ** piety under Hepliaklqana
  6408 | D:9      | Remembered your ancestor Paullus as a battlemage
  6623 | D:9      | Found a staircase to the Lair.
  6781 | Lair:1   | Entered Level 1 of the Lair of Beasts
  6845 | Lair:1   | Noticed a cane toad
  6873 | Lair:1   | Killed a cane toad
  6877 | Lair:1   | Reached skill level 5 in Armour
  6985 | Lair:1   | Noticed a boulder beetle
  6989 | Lair:1   | Noticed a cane toad
  6997 | Lair:1   | Killed a cane toad
  6999 | Lair:1   | Killed a boulder beetle
  7000 | Lair:1   | Reached XP level 11. HP: 61/61 MP: 15/24
  7357 | Lair:2   | Reached skill level 9 in Air Magic
  7496 | Lair:2   | Found a staircase to the Shoals.
  7507 | Lair:2   | Found a staircase to the Snake Pit.
  7567 | Lair:2   | Reached skill level 10 in Air Magic
  7773 | Lair:3   | Reached *** piety under Hepliaklqana
  7782 | Lair:3   | Reached skill level 10 in Fighting
  7786 | Lair:3   | Reached XP level 12. HP: 68/69 MP: 25/25
  7789 | Lair:3   | Noticed a five-headed hydra
  7804 | Lair:3   | Killed a five-headed hydra
  7878 | Lair:3   | Noticed a catoblepas
  7889 | Lair:3   | Killed a catoblepas
  8001 | Lair:3   | Noticed a five-headed hydra
  8003 | Lair:3   | Reached skill level 10 in Spellcasting
  8459 | Lair:3   | Reached skill level 10 in Dodging
  8515 | Lair:4   | Identified 3 scrolls of acquirement
  8558 | Lair:4   | Reached **** piety under Hepliaklqana
  8668 | Lair:4   | Reached skill level 10 in Armour
  8795 | Lair:4   | Found a dark tunnel.
  8801 | Volcano  | Entered a volcano
  8814 | Volcano  | Noticed a hell hog
  8819 | Volcano  | Reached XP level 13. HP: 60/73 MP: 20/28
  9047 | Volcano  | Reached skill level 5 in Evocations
  9594 | Lair:5   | Entered Level 5 of the Lair of Beasts
  9594 | Lair:5   | Noticed a fire dragon
  9594 | Lair:5   | Found a large runed translucent door.
  9594 | Lair:5   | Found a large runed translucent door.
  9602 | Lair:5   | Reached skill level 5 in Invocations
  9644 | Lair:5   | Reached skill level 11 in Air Magic
  9728 | Lair:5   | Reached skill level 12 in Air Magic
  9932 | Lair:5   | Reached skill level 1 in Shields
  9957 | Lair:5   | Reached skill level 13 in Air Magic
 10380 | Lair:5   | Killed a fire dragon
 10997 | Lair:5   | Reached skill level 14 in Air Magic
 11112 | Lair:5   | Reached skill level 5 in Shields
 11112 | Lair:5   | Reached XP level 14. HP: 69/79 MP: 29/29
 11131 | Lair:5   | Found a staircase to the Slime Pits.
 11393 | D:10     | Entered Level 10 of the Dungeon
 11458 | D:10     | Acquired the amulet "Xuecues" {Faith rElec rPois rF+ Int+4}
 11499 | D:10     | Reached ***** piety under Hepliaklqana
 11592 | D:10     | Found a runed translucent door.
 11593 | D:10     | Noticed miserystealer's ghost (journeyman DrWr)
 11731 | D:10     | Found a glowing silver altar of Zin.
 12055 | D:11     | Reached skill level 15 in Air Magic
 12061 | D:11     | Paralysed by an orc for 3 turns
 12100 | D:11     | Found a staircase to the Orcish Mines.
 12117 | Orc:1    | Entered Level 1 of the Orcish Mines
 12401 | Orc:2    | Entered Level 2 of the Orcish Mines
 12406 | Orc:2    | Noticed Donald
 12426 | Orc:2    | Killed Donald
 12498 | Orc:2    | Found Nadduaq's Distillery.
 12552 | Orc:2    | Found Zuekkargh's General Store.
 12583 | Orc:2    | Bought a potion of heal wounds for 60 gold pieces
 12583 | Orc:2    | Bought a potion of degeneration for 12 gold pieces
 12583 | Orc:2    | Bought a potion of invisibility for 96 gold pieces
 12583 | Orc:2    | Bought a potion of mutation for 96 gold pieces
 12583 | Orc:2    | Bought a potion of mutation for 96 gold pieces
 12583 | Orc:2    | Bought a potion of mutation for 96 gold pieces
 12586 | Orc:2    | Bought a potion of curing for 36 gold pieces
 12586 | Orc:2    | Bought a scroll of poison for 48 gold pieces
 12731 | Orc:2    | Noticed miserystealer's ghost (journeyman MiBe)
 12733 | Orc:2    | Found a runed translucent gate.
 12733 | Orc:2    | Found a runed translucent gate.
 12733 | Orc:2    | Found a runed translucent gate.
 12780 | Orc:2    | Found a staircase to the Elven Halls.
 13632 | D:12     | Found Iqolug's Book Shoppe.
 14008 | D:10     | Found a portal to a secret trove of treasure.
 14055 | D:10     | Noticed Snorg
 14062 | D:10     | Killed Snorg
 14073 | D:10     | Noticed Erica
 14074 | D:10     | Noticed Sonja
 14076 | D:10     | Killed Erica
 14077 | D:10     | Killed Sonja
 14276 | D:13     | Noticed Maurice
 14318 | D:13     | Killed Maurice
 14380 | D:13     | Reached XP level 15. HP: 56/82 MP: 14/32
 14520 | D:13     | Found a gate to the Vaults.
 14551 | D:13     | Learned a level 5 spell: Lightning Bolt
 14575 | D:13     | Reached skill level 10 in Shields
 14882 | D:13     | Reached skill level 5 in Stealth
 15474 | D:14     | Identified the +1 ring mail of Yludyh {rF+}
 15521 | D:15     | Entered Level 15 of the Dungeon
 15544 | D:15     | Found an opulent altar of Gozag.
 15620 | D:15     | Found Asmaceunk's Antique Weapon Shop.
 15743 | D:15     | Found Weroqaz's Jewellery Boutique.
 15884 | D:15     | Noticed Azrael
 15894 | D:15     | Killed Azrael
 15895 | D:15     | Noticed Louise
 15974 | D:15     | Noticed Agnes
 16159 | D:15     | Reached XP level 16. HP: 90/90 MP: 19/34
 16173 | D:15     | Found Kuerhage's Weapon Emporium.
 16356 | D:15     | Found a staircase to the Depths.
 16693 | Snake:1  | Entered Level 1 of the Snake Pit
 16933 | Snake:1  | Found Loim's Luxury Loot.
 17193 | Snake:2  | Noticed Nikola
 17442 | Snake:2  | Killed from afar by Nikola

Illustrated notes

Levels and vault maps discovered:
D:1:      dpeg_arrival_simpleton_c, layout_rooms,
          hellmonk_ecumenical_altar_inner_sanctum
D:2:      layout_loops_cross, serial_co_window_serial,
          co_window_of_opportunity_a, co_window_corner_a, co_window_paths_b,
          co_window_paths_b, co_window_paths_a, co_window_paths_b,
          co_window_paths_a, co_window_paths_c, co_window_corner_cb,
          co_window_2corner, co_window_paths_c, co_window_sun,
          co_window_paths_d, glass_columns_a, glass_columns_a, glass_columns_b,
          glass_columns_b, glass_columns_a, basic_altar,
          corexii_hall_statues_deadend
D:3:      layout_loops_cross
D:4:      layout_basic, nicolae_ru_awakened_eye, kennysheep_mini_moat,
          st_stairs_1, uniq_menkaure
D:5:      cheibrodos_barr_body, layout_rooms,
          nicolae_hepliaklqana_ecumenical_no_more,
          minmay_temple_entry_drinking_statues, nicolae_ossuary_entry_plus
D:6:      layout_loops_ring, uniq_blork_the_orc
D:7:      layout_loops_corners, mainiacjoe_overflow_alcove_1,
          nicolae_ashenzari_skybound, small_statue_intersection, grunt_ogre_cave
D:8:      layout_loops_corners, uniq_prince_ribbit1
D:9:      layout_irregular_city, david_lair_generic, hangedman_decor_riveting
D:10:     layout_roguey, mainiacjoe_overflow_paths, ebering_ghost_inner_flame,
          nicolae_trove_entry_diagonal, uniq_erica, uniq_sonja, uniq_snorg
D:11:     layout_gridville, david_orc_1_choice, nicolae_underground_beach
D:12:     layout_loops_ring, minmay_stone_trees_small, kennysheep_windowed_goal
D:13:     minmay_angry_zag, layout_loops_ring,
          hangedman_vaults_entry_quadrant_bands, uniq_maurice
D:14:     layout_long_grid
D:15:     grunt_enter_depths_hoard, layout_gridville, serial_shops, shop, shop,
          nicolae_shop_bloodbath_and_beyond, grunt_gozag_statues, minivault_28,
          uniq_agnes, uniq_azrael, uniq_louise
Temple:   nicolae_temple_elliptical
Lair:1:   dreamdust_cave_troll, layout_loops_ring, lemuel_fruit_tree
Lair:2:   layout_small_grid, elwin_shoals_entry_rocks,
          guppyfry_snake_entry_island, beast_lair_carwin_5
Lair:3:   layout_chaotic_city, grunt_forest_large_clearing_hut,
          grunt_megastairs_3, infiniplex_staircase_pool_2
Lair:4:   layout_small_grid, enter_volcano_4, lookout_lair_type,
          grunt_megastairs_2, lemuel_fruit_fields
Lair:5:   cheibrodos_lair_end_hotspot, layout_cave_pods, slime_entry_1,
          minivault_27
Snake:1:  layout_onion, nicolae_alphabet_shops
Snake:2:  layout_rooms, special_room, serial_bayou_pond_d, uniq_nikola
Orc:1:    layout_caves
Orc:2:    pf_orc_diabolical, layout_caves, gammafunk_ghost_split, uniq_donald

Skill      XL: |  1  2  3  4  5  6  7  8  9 10 11 12 13 14 15 16 |
---------------+-------------------------------------------------+-----
Fighting       | 1 2 3 4 5 6 8 10 12 | 12.0
Conjurations   | 2 3 |  3.0
Armour         | 1 2 3 4 5 8 10 | 10.0
Air Magic      | 5 6 8 10 14 15 | 15.0
Dodging        | 4 6 8 10 11 | 11.9
Spellcasting   | 4 5 7 8 10 12 13 14 | 14.0
Stealth        | 3 4 5 |  5.0
Evocations     | 2 3 5 |  5.0
Invocations    | 1 2 3 5 |  5.0
Shields        | 5 8 10 | 10.0

Action                   |  1- 3 |  4- 6 |  7- 9 | 10-12 | 13-15 | 16-18 || total
-------------------------+-------+-------+-------+-------+-------+-------++-------
Melee: Spear             |    22 |    18 |    19 |       |       |       ||    59
       Kick              |     7 |     6 |    27 |    26 |   118 |    15 ||   199
       Peck              |       |     3 |    15 |    12 |    83 |     6 ||   119
       Whip              |       |       |    20 |       |       |       ||    20
       Flail             |       |       |    50 |    75 |   263 |    39 ||   427
       Punch             |       |       |       |     2 |     1 |       ||     3
Throw: Dart              |       |     5 |    10 |     2 |    10 |     3 ||    30
 Cast: Shock             |    60 |    52 |   117 |    78 |    97 |    21 ||   425
       Passwall          |     2 |       |       |       |     2 |     2 ||     6
       Static Discharge  |     1 |     9 |    21 |    32 |    40 |     1 ||   104
       Airstrike         |       |       |    16 |    60 |   166 |    30 ||   272
       Swiftness         |       |       |     2 |     3 |     2 |       ||     7
       Mephitic Cloud    |       |       |       |       |     1 |     1 ||     2
       Lightning Bolt    |       |       |       |       |    24 |     5 ||    29
Invok: Recall Ancestor   |       |       |     1 |     5 |    14 |     6 ||    26
       Ancestor Life: Ba |       |       |       |     1 |       |       ||     1
       Idealise          |       |       |       |       |    12 |     2 ||    14
Evoke: Wand              |       |       |       |       |     9 |       ||     9
       Phial of floods   |       |       |       |       |     1 |       ||     1
  Use: Scroll            |       |       |       |     5 |    14 |     3 ||    22
       Potion            |       |       |       |       |     2 |       ||     2
 Stab: Sleeping          |     1 |       |     3 |     1 |     4 |     2 ||    11
       Distracted        |       |       |     1 |     3 |     6 |       ||    10
       Petrified         |       |       |       |     2 |       |       ||     2
Armor: Robe              |    11 |     3 |     5 |       |       |       ||    19
       Leather armour    |       |       |     2 |       |     3 |       ||     5
       Troll leather arm |       |       |       |    19 |    37 |     9 ||    65
Dodge: Dodged            |    18 |    29 |    87 |   116 |   251 |    42 ||   543
Block: Kite shield       |       |       |       |       |   124 |    28 ||   152
